cohdb
Replays
Latest Replays
All Replays
Popular Replays
Top Player Replays
Match Explorer
How It Works
Community
CoH3 Stats
Reddit
Sign in to upload your games and track your stats! →
Sign in with Steam
Match 39704805
Unlisted
Match 39704805
Overview
Messages
Build Orders
End
Construct Infanterie Kompanie
Construct Infanterie Kompanie
Selects Terror Battlegroup
Selects Machine Gun Camouflage
MG 42 Machine Gun Team
MG 42 Machine Gun Team
MG 42 Machine Gun Team
Construct Panzergrenadier Kompanie
Kettenkrad Recon Vehicle
Medical Bunker
Support Elements
Panzergrenadier Squad
Pak 40 Anti-tank Gun Team
StuG III G Assault Gun
Selects Contempt for the Weak
Panzergrenadier Squad
Nebelwerfer 42 Rocket Launcher Team
Pak 40 Anti-tank Gun Team
Pak 40 Anti-tank Gun Team
Construct Panzer Kompanie
Pioneer Squad
Panzer IV Medium Tank
Selects Propaganda Leaflet Drop
Selects V1 Rocket Strike
Lord Hater
Grover the Trash Hermit
[ACES].MaxHoang
Bruistablet
0
0
Comments
sign in to comment!
No comments posted yet!